Map: Ever Dream LE

Players

demuLarva - Winner!

  • Race: Terran Terran
  • League: Grandmaster
  • Spawn Location: 7:00

IIIIIIIIIIII

  • Race: Protoss Protoss
  • League: Grandmaster
  • Spawn Location: 1:00

VOD

Have the link to the VOD?

Description

Time

  • Played on: April 11, 2020, 8:44 a.m.
  • Length: 6:24
Show
View Real Time Build Order
Export as new Build Order

demuLarva Terran - Winner!

Build Orders: Liberator Opening 

Get SALT Encoding   

  12  0:00  SCV  
  13  0:12  SCV  
  14  0:16  Supply Depot  
  14  0:24  SCV  
  15  0:38  SCV  
  15  0:40  Barracks  
  16  0:43  Refinery  
  16  0:50  SCV  
  17  1:02  SCV  
  18  1:14  SCV  
  19  1:26  SCV, Marine  
  19  1:32  Command Center  
  21  1:41  Orbital Command  
  21  1:45  Barracks Reactor  
  21  1:52  Supply Depot  
  21  1:58  Refinery  
  21  2:08  Factory  
  21  2:12  SCV  
  22  2:21  Marine  
  22  2:22  Marine  
  24  2:25  SCV  
  26  2:37  SCV  
  26  2:39  Marine x2  
  26  2:44  Orbital Command  
  28  2:53  Starport, Factory Tech Lab  
  28  2:58  Marine x2  
  29  3:03  SCV  
  31  3:12  Cyclone  
  34  3:16  Marine x2  
  36  3:22  Supply Depot  
  36  3:32  Medivac  
  36  3:33  Marine  
  36  3:34  Marine  
  40  3:40  SCV x2  
  42  3:44  Siege Tank  
  42  3:46  Supply Depot  
  45  3:51  Marine x2  
  45  3:52  SCV  
  45  3:53  SCV  
  49  4:03  Liberator  
  49  4:09  Marine x2  
  54  4:15  SCV x2  
  52  4:27  SCV  
  52  4:31  SCV  
  54  4:36  Siege Tank  
  57  4:39  SCV  
  57  4:43  SCV, Marine x2  
  61  4:46  Supply Depot  
  61  4:51  Viking  
  61  4:52  SCV  
  64  4:56  SCV  
  65  5:01  Marine x2  
  66  5:28  Viking  
  66  5:29  Marine x2  
  68  5:40  Supply Depot, Siege Tank  
  68  5:42  Supply Depot  
  71  5:46  Marine  
  71  5:47  Marine  
  71  5:48  SCV x2  
  75  5:59  Bunker  
  75  6:00  SCV x2  
Show
View Real Time Build Order
Export as new Build Order

IIIIIIIIIIII Protoss 

Build Orders: 1 Gate Expand, Colossus Rush 

Get SALT Encoding   

  12  0:00  Probe  
  13  0:13  Probe  
  14  0:18  Pylon  
  14  0:25  Probe  
  15  0:32  Assimilator  
  15  0:37  Probe (Chrono Boost)  
  15  0:42  Gateway  
  16  0:49  Probe (Chrono Boost)  
  17  0:55  Probe (Chrono Boost)  
  18  1:03  Probe  
  19  1:15  Probe  
  20  1:22  Nexus  
  20  1:32  Cybernetics Core  
  20  1:35  Probe  
  21  1:40  Assimilator  
  21  1:47  Pylon  
  21  1:49  Probe  
  22  2:01  Probe  
  22  2:05  Stalker (Chrono Boost)  
  25  2:10  Robotics Facility  
  25  2:13  Probe  
  26  2:18  Warp Gate  
  26  2:26  Probe  
  26  2:28  Stalker  
  29  2:39  Probe (Chrono Boost)  
  29  2:42  Probe (Chrono Boost)  
  31  2:47  Probe (Chrono Boost)  
  31  2:50  Probe (Chrono Boost)  
  33  2:53  Probe  
  34  3:01  Warp Prism (Chrono Boost)  
  34  3:02  Probe  
  37  3:06  Adept  
  37  3:11  Probe  
  40  3:16  Pylon  
  40  3:18  Probe  
  41  3:23  Probe  
  42  3:30  Probe  
  42  3:32  Immortal (Chrono Boost)  
  43  3:36  Probe  
  43  3:38  Robotics Bay  
  48  3:43  Probe  
  48  3:47  Gateway  
  49  3:48  Probe  
  49  3:53  Pylon  
  49  3:55  Probe  
  51  4:04  Probe, Observer  
  51  4:07  Pylon  
  51  4:08  Pylon  
  53  4:13  Assimilator  
  53  4:16  Assimilator  
  53  4:26  Colossus (Chrono Boost)  
  53  4:29  Probe  
  58  4:33  Probe  
  58  4:36  Gateway  
  59  4:41  Probe, Extended Thermal Lance (Chrono Boost)  
  59  4:45  Probe, Zealot x2  
  65  4:53  Probe  
  65  4:54  Pylon  
  65  4:57  Probe  
  65  4:58  Twilight Council  
  67  5:04  Pylon  
  67  5:05  Probe  
  68  5:11  Stalker x2  
  64  5:25  Colossus (Chrono Boost)  
  69  5:30  Probe  
  69  5:33  Gateway  
  69  5:35  Gateway  
  70  5:36  Zealot x2  
  70  5:41  Pylon  
  74  5:49  Probe  
  74  5:52  Cybernetics Core  
  74  5:54  Pylon  
  74  5:56  Pylon  
  74  5:57  Zealot x2  
  74  5:59  Probe  
Tags
 
Add a new tag
Caveats
  • Supply blocks, unpowered buildings, or Contaminate may cause inaccurate times.
  • Supply counts are checked every 10 seconds.